[Event "42nd Olympiad Baku 2016 Open"]
[Site "Baku"]
[Date "2016.09.08"]
[Round "6.3"]
[White "Taher, Yoseph Theolifus"]
[Black "Teklay Teshager"]
[Result "1-0"]
[ECO "B31"]
[WhiteElo "2321"]
[BlackElo "1868"]
[Annotator ""]
[PlyCount "59"]
[EventDate "2016.??.??"]
[EventCountry "AZE"]
[SourceTitle "playchess.com"]
[Source "ChessBase"]
[WhiteTeam "Indonesia"]
[BlackTeam "Ethiopia"]
[WhiteTeamCountry "INA"]
[BlackTeamCountry "ETH"]
[TimeControl "40/5400+30:1800+30"]

1. e4 {(00:00} c5 {(00:00} 2. Nf3 {(00:00} Nc6 {
(00:35} 3. Bb5 {(00:06} g6 {(02:28} 4. Bxc6 {(
00:07} bxc6 {(00:03} 5. O-O {(04:04} Bg7 {(00:16} 6.
e5 {(02:30} Nh6 {(01:44} 7. d4 {(02:46} cxd4 {(
00:26} 8. Bxh6 {(00:38} Bxh6 {(00:27} 9. Qxd4 {(00:12}
O-O {(00:16} 10. Nc3 {(01:03} Bg7 {(00:48} 11. b3 {
(05:05} d6 {(01:49} 12. Qe3 {(08:53} Qa5 {(01:
17} 13. Ne4 {(05:26} Bxe5 {(02:52} 14. Nxe5 {(02:35}
Qxe5 {(00:02} 15. f4 {(00:11} Qa5 {(01:39} 16. Kh1 {
(00:28} c5 {(09:44} 17. Ng5 {(02:03} h6 {(01:52]
} 18. Nf3 {(00:20} e6 {(06:05} 19. Rad1 {(01:38} Qc7 {
(04:20} 20. f5 {(00:36} Kh7 {(05:10} 21. fxg6+ {
(01:13} fxg6 {(00:02} 22. Ng5+ {(00:10} Kg7 {(
23:42} 23. Rxf8 {(00:04} Kxf8 {(00:13} 24. Rf1+ {(01:
25} Kg8 {(02:16} 25. Qe4 {(00:10} hxg5 {(18:16} 26.
Qxg6+ {(00:08} Qg7 {(00:18} 27. Qe8+ {(00:03} Kh7 {
(04:15} 28. Rf7 {(00:04} d5 {(02:10} 29. Rxg7+ {
(00:13} Kxg7 {(00:53} 30. Qc6 {(00:04} 1-0

[Event "42nd Olympiad Baku 2016 Open"]
[Site "Baku"]
[Date "2016.09.08"]
[Round "6.28"]
[White "Talbi, Chafik"]
[Black "Janchivnyambuu, Enkhbayar"]
[Result "1-0"]
[ECO "D02"]
[WhiteElo "2184"]
[BlackElo "2049"]
[Annotator ""]
[PlyCount "119"]
[EventDate "2016.??.??"]
[EventCountry "AZE"]
[SourceTitle "playchess.com"]
[Source "ChessBase"]
[WhiteTeam "ALG"]
[BlackTeam "ICCD"]
[WhiteTeamCountry "ALG"]
[BlackTeamCountry "USA"]
[TimeControl "40/5400+30:1800+30"]

1. d4 {(00:00} d5 {(00:00} 2. Nf3 {(00:00} Nf6 {
(00:12} 3. Bf4 {(00:08} e6 {(01:15} 4. e3 {(00:
14} Bd6 {(00:44} 5. Bd3 {(02:23} O-O {(01:57} 6. O-O {
(00:07} Qe7 {(01:31} 7. Nbd2 {(05:49} c5 {(02:
42} 8. Bxd6 {(01:50} Qxd6 {(00:13} 9. c4 {(04:22} Nc6
{(02:32} 10. cxd5 {(03:54} exd5 {(03:04} 11. dxc5 {
(00:21} Qxc5 {(00:39} 12. h3 {(00:34} Rd8 {(03:
24} 13. Nb3 {(01:24} Qe7 {(02:51} 14. Rc1 {(00:24} Ne4
{(06:22} 15. Nbd4 {(03:05} Bd7 {(03:03} 16. a3 {
(10:32} Rac8 {(02:39} 17. Qe2 {(02:54} h6 {(04:
10} 18. Bb1 {(02:26} Qf6 {(07:34} 19. Rfd1 {(20:16}
Nxd4 20. Nxd4 Qe5 {(06:30} 21. Rxc8 {(03:33} Rxc8 {(00:
56} 22. Nf3 {(02:11} Qe6 {(02:35} 23. Qd3 {(01:16} Bc6
{(04:08} 24. Ba2 {(08:49} Rd8 {(05:16} 25. Qd4 {
(02:20} a6 {(05:45} 26. Ne5 {(07:23} Re8 {(02:
38} 27. Nd3 {(07:44} Qf5 {(07:36} 28. Nf4 {(01:45} g5
{(04:10} 29. g4 {(00:43} Qf6 {(03:48} 30. Qxf6 {
(00:16} Nxf6 {(00:02} 31. Nxd5 {(00:17} Kg7 {(
00:58} 32. Nxf6 {(01:15} Kxf6 {(00:08} 33. Rd6+ {(01:
06} Ke5 {(04:20} 34. Rxh6 {(03:45} Rd8 {(00:02} 35.
Kh2 {(00:22} Rd1 {(02:37} 36. f4+ {(00:17} gxf4 {
(08:31} 37. exf4+ {(00:09} Kxf4 {(00:13} 38. Rf6+ {
(00:10} Kg5 {(00:06} 39. Rf5+ {(01:05} Kh6 {(00:
25} 40. Rf2 {(00:00} Kg5 {(00:00} 41. Rf5+ {(03:50}
Kh6 {(00:30} 42. Kg3 {(01:03} Rd3+ {(02:02} 43. Kh4 {
(00:09} Bg2 {(01:31} 44. Rf6+ {(00:14} Kg7 {(00:
47} 45. Rxf7+ {(00:11} Kh8 {(00:33} 46. Rf8+ {(04:31}
Kg7 {(00:21} 47. Rg8+ {(00:22} Kf6 {(00:49} 48. g5+ {
(06:54} Ke7 {(01:05} 49. Rg7+ {(01:28} Ke8 {(01:
53} 50. Be6 {(01:31} Re3 {(05:07} 51. Bf5 {(01:29} Rb3
{(03:31} 52. g6 {(00:14} Rxb2 {(02:16} 53. Kg5 {
(00:34} Bd5 {(01:19} 54. Rc7 {(00:41} Ba2 {(05:
28} 55. h4 {(00:51} Kd8 {(00:19} 56. Rc2 {(00:18} Rxc2
{(02:36} 57. Bxc2 {(00:06} Ke7 {(01:42} 58. h5 {
(00:07} b5 {(00:40} 59. h6 {(00:14} Kf8 {(00:22]
} 60. Kf6 {(00:06} 1-0

[Event "42nd Olympiad Baku 2016 Open"]
[Site "Baku"]
[Date "2016.09.08"]
[Round "6.8"]
[White "Tang, Tang"]
[Black "Mertens, Marc"]
[Result "0-1"]
[ECO "D71"]
[WhiteElo "2108"]
[BlackElo "2181"]
[Annotator ""]
[PlyCount "48"]
[EventDate "2016.??.??"]
[EventCountry "AZE"]
[SourceTitle "playchess.com"]
[Source "ChessBase"]
[WhiteTeam "Japan"]
[BlackTeam "Luxembourg"]
[WhiteTeamCountry "JPN"]
[BlackTeamCountry "LUX"]
[TimeControl "40/5400+30:1800+30"]

1. d4 {(00:00} Nf6 {(00:00} 2. c4 {(00:00} g6 {(
00:00} 3. g3 {(00:00} Bg7 {(01:46} 4. Bg2 {(00:00} d5
{(00:46} 5. cxd5 {(00:32} Nxd5 {(00:07} 6. e4 {(
00:07} Nb4 {(18:01} 7. a3 {(05:59} N4c6 {(03:24} 8. d5
{(00:13} Nd4 {(00:42} 9. Ne2 {(01:01} Nxe2 {(04:
26} 10. Qxe2 {(00:05} b6 {(02:19} 11. Qb5+ {(06:47} c6
{(07:11} 12. dxc6 {(01:34} O-O {(00:35} 13. Nc3 {
(08:19} Ba6 {(02:44} 14. Qd5 {(03:47} Qc7 {(11:
59} 15. Nb5 {(02:00} Qxc6 {(05:03} 16. Qxc6 {(02:22}
Nxc6 {(00:02} 17. Nc7 {(02:41} Nd4 {(00:05} 18. Nxa8 {
(09:23} Nc2+ {(00:07} 19. Kd2 {(02:04} Nxa1 {(
00:07} 20. Nc7 {(00:25} Rd8+ {(02:20} 21. Ke3 {(01:11}
Rd3+ {(01:41} 22. Kf4 {(04:02} e5+ {(01:33} 23. Kg5 {
(00:47} h6+ {(00:27} 24. Kh4 {(01:21} Bf6+ {(00:
12} 0-1

[Event "42nd Olympiad Baku 2016 Open"]
[Site "Baku"]
[Date "2016.09.08"]
[Round "6.30"]
[White "Teerapabpaisit, Wisuwat"]
[Black "Babarykin, Stanislav"]
[Result "1-0"]
[ECO "D30"]
[WhiteElo "2248"]
[BlackElo "2339"]
[Annotator ""]
[PlyCount "195"]
[EventDate "2016.??.??"]
[EventCountry "AZE"]
[SourceTitle "playchess.com"]
[Source "ChessBase"]
[WhiteTeam "THA"]
[BlackTeam "IBCA"]
[WhiteTeamCountry "THA"]
[BlackTeamCountry "RUS"]
[TimeControl "40/5400+30:1800+30"]

1. e4 {(00:00} e5 {(00:00} 2. Nf3 {(00:00} Nc6 {
(00:37} 3. Bc4 {(00:00} Nf6 {(00:52} 4. Ng5 {(
00:00} d5 {(00:53} 5. exd5 {(00:00} Na5 {(01:06} 6.
Bb5+ {(00:00} c6 {(00:51} 7. dxc6 {(00:00} bxc6 {
(00:39} 8. Qf3 {(00:00} Be7 {(02:50} 9. Bd3 {(
00:29} O-O {(27:30} 10. Nc3 {(00:16} h6 {(04:19} 11.
Nge4 {(00:01} Nd5 {(05:50} 12. Ng3 {(01:18} Nb4 13. Nf5
{(03:36} Bg5 {(29:03} 14. h4 {(02:49} Nxd3+ {(
06:49} 15. cxd3 {(01:58} Bf4 {(00:43} 16. Ng3 {(20:14}
Bxg3 {(01:32} 17. Qxg3 {(01:46} Ba6 {(01:01} 18. O-O {
(04:03} Qxd3 {(01:24} 19. Qxd3 {(00:50} Bxd3 {(
00:07} 20. Re1 {(00:01} f6 {(07:51} 21. b3 {(02:16}
Rfd8 {(01:03} 22. Bb2 {(09:28} c5 {(01:07} 23. Na4 {
(04:33} c4 {(00:30} 24. Nc5 {(18:15} cxb3 {(03:
04} 25. axb3 {(01:11} Nc6 {(00:22} 26. Bc3 {(11:14}
Rab8 {(00:08} 27. Nxd3 {(03:37} Rxd3 {(00:07} 28. Ra6 {
(02:45} Nd4 {(00:21} 29. b4 {(04:07} Nb5 {(00:
33} 30. Rc6 {(01:01} h5 {(01:40} 31. Ra1 {(02:39} Kf7
{(01:04} 32. Rc5 {(00:23} Ke6 {(00:43} 33. Ra5 {
(01:43} Rd5 {(00:11} 34. Ra6+ {(03:25} Rd6 {(00:
36} 35. Ra5 {(00:14} Rd5 {(01:00} 36. Ra6+ {(00:02}
Rb6 {(00:16} 37. Rxb6+ {(01:18} axb6 {(00:04} 38. Rc8 {
(00:24} Rd7 {(00:15} 39. Rb8 {(01:08} Rd6 {(00:
14} 40. Rg8 {(00:00} Kf7 {(00:00} 41. Rc8 Re6 {(05:03}
42. g3 {(04:09} Re8 {(00:30} 43. Rc4 {(04:09} Ke7 {
(04:22} 44. f4 {(02:01} Kd6 {(03:20} 45. fxe5+ {
(00:54} fxe5 {(01:44} 46. Re4 {(03:21} Kd5 {(01:
37} 47. Re3 {(00:36} g6 {(01:00} 48. Kg2 {(11:13} e4 {
(01:08} 49. Bg7 {(02:13} Re7 {(02:52} 50. Bh6 {(
02:25} Nd4 {(05:18} 51. Rc3 {(03:46} Ne6 {(07:32} 52.
Be3 {(00:17} b5 {(00:18} 53. Rc8 {(01:36} Rc7 {(
01:33} 54. Rg8 {(00:51} Rc6 {(01:16} 55. Kf2 {(00:31}
Nc7 {(00:58} 56. Rd8+ {(00:47} Ke6 {(01:33} 57. Bf4 {
(01:07} Rc4 58. Bxc7 {(01:00} Rxc7 {(00:37} 59. Rd4 {
(00:29} Kf5 {(00:54} 60. Rd5+ {(00:21} Ke6 {(00:
20} 61. Rxb5 {(00:11} Rd7 {(00:04} 62. Ke2 {(00:27}
Rd3 {(00:19} 63. Rg5 {(00:07} Kf6 {(00:14} 64. g4 {
(00:36} hxg4 {(00:48} 65. Rxg4 Rd4 {(01:01} 66. b5 {
(00:54} Rb4 {(00:35} 67. Ke3 {(01:43} Rxb5 {(00:
32} 68. Rf4+ {(00:22} Ke5 {(00:34} 69. Rxe4+ {(00:10}
Kf5 {(00:31} 70. Rf4+ {(00:12} Ke6 {(00:28} 71. Rg4 {
(00:32} Kf6 {(00:40} 72. d4 {(00:20} Rb8 {(00:
25} 73. Rf4+ {(00:23} Ke6 {(00:18} 74. Re4+ {(01:00}
Kf5 {(00:40} 75. Re5+ {(00:27} Kf6 {(00:13} 76. Kf4 {
(00:25} Rd8 {(00:48} 77. Ke3 {(00:30} Rh8 78. Re4 {
(00:12} g5 {(00:50} 79. hxg5+ {(00:11} Kxg5 {(
00:04} 80. d5 {(00:09} Kf5 {(00:59} 81. Kd4 {(00:10}
Ra8 {(00:26} 82. Re1 {(00:19} Ra4+ {(00:27} 83. Kc5 {
(00:01} Ra5+ {(00:12} 84. Kc6 {(00:05} Ra6+ {(
00:41} 85. Kb5 {(00:02} Ra2 {(00:42} 86. d6 {(00:10}
Rd2 {(00:21} 87. Kc6 {(00:07} Kf6 {(00:16} 88. d7 {
(02:25} Rc2+ {(00:46} 89. Kd6 {(00:13} Rd2+ {(
00:06} 90. Kc7 {(00:04} Rc2+ {(00:11} 91. Kd8 {(00:01}
Kf7 {(00:27} 92. Rf1+ {(00:18} Kg7 {(00:32} 93. Rf4 {
(00:22} Rc1 {(00:37} 94. Ke7 {(00:31} Re1+ {(00:
57} 95. Kd6 {(00:07} Rd1+ {(00:13} 96. Ke6 {(00:06}
Kg6 {(01:14} 97. Rf6+ {(00:47} Kg7 {(00:19} 98. Rf5 {
(00:04} 1-0

[Event "42nd Olympiad Baku 2016 Open"]
[Site "Baku"]
[Date "2016.09.08"]
[Round "6.18"]
[White "Theocharous, Stelios"]
[Black "Chipanga, Chiletso"]
[Result "1-0"]
[ECO "B32"]
[WhiteElo "2065"]
[BlackElo "2082"]
[Annotator ""]
[PlyCount "69"]
[EventDate "2016.??.??"]
[EventCountry "AZE"]
[SourceTitle "playchess.com"]
[Source "ChessBase"]
[WhiteTeam "Cyprus"]
[BlackTeam "MAW"]
[WhiteTeamCountry "CYP"]
[TimeControl "40/5400+30:1800+30"]

1. e4 {(00:00} c5 {(00:00} 2. Nf3 {(00:00} Nc6 {
(00:02} 3. d4 {(00:00} cxd4 {(00:05} 4. Nxd4 {(
00:00} Qc7 {(01:13} 5. Nc3 {(00:32} a6 {(00:15} 6. g3
{(11:16} Nf6 {(01:08} 7. Bg2 {(01:57} e6 {(02:
18} 8. O-O {(01:21} Bb4 {(01:25} 9. Nce2 {(09:29} d5 {
(04:36} 10. exd5 {(02:34} Nxd5 {(00:03} 11. c4 {
(04:02} Nf6 {(04:02} 12. Qa4 {(07:06} Rb8 {(05:
08} 13. Nxc6 {(13:59} bxc6 {(00:03} 14. Bf4 {(01:55}
Bd6 {(01:30} 15. Bxc6+ {(04:03} Ke7 {(01:26} 16. Bxd6+
{(06:01} Qxd6 {(00:04} 17. Rad1 {(01:34} Qc5 {(
01:29} 18. Bg2 {(08:13} Rxb2 {(04:54} 19. Nd4 {(00:47}
Bd7 {(01:14} 20. Qxa6 {(01:19} Rb6 {(15:27} 21. Qa7 {
(02:53} Rc8 {(03:05} 22. Nb3 {(02:14} Qc7 {(02:
38} 23. Qa3+ {(00:49} Ke8 {(00:15} 24. c5 {(01:43}
Rbb8 {(07:15} 25. Rd6 {(01:22} Bb5 {(04:43} 26. Rfd1 {
(02:57} Rd8 {(15:02} 27. Nd4 {(03:03} Rxd6 {(08:
18} 28. cxd6 {(00:05} Qb6 {(00:05} 29. Nxb5 {(01:35}
Qxb5 {(02:05} 30. Qa7 {(01:24} Nd7 {(04:15} 31. Qc7 {
(00:44} Rd8 {(04:44} 32. Bc6 {(01:27} Qa6 {(02:
45} 33. Rb1 {(01:24} Qc8 {(01:04} 34. Rb7 {(03:16}
Qxc7 {(03:30} 35. Rxc7 {(00:12} 1-0

[Event "42nd Olympiad Baku 2016 Open"]
[Site "Baku"]
[Date "2016.09.08"]
[Round "6.25"]
[White "Tissir, Mohamed"]
[Black "Tapia, Alexei"]
[Result "1-0"]
[ECO "B46"]
[WhiteElo "2388"]
[BlackElo "2183"]
[Annotator ""]
[PlyCount "95"]
[EventDate "2016.??.??"]
[EventCountry "AZE"]
[SourceTitle "playchess.com"]
[Source "ChessBase"]
[WhiteTeam "Morocco"]
[BlackTeam "Panama"]
[WhiteTeamCountry "MAR"]
[BlackTeamCountry "PAN"]
[TimeControl "40/5400+30:1800+30"]

1. e4 {(00:00} c5 {(00:00} 2. Nf3 {(00:00} e6 {(
00:00} 3. d4 {(00:00} cxd4 {(00:02} 4. Nxd4 {(00:00}
Nc6 {(00:16} 5. Nc3 {(00:12} a6 {(00:08} 6. Nb3 {
(02:49} Nf6 {(02:25} 7. Bd3 {(03:14} d5 {(03:16]
} 8. exd5 {(05:18} Nxd5 {(00:15} 9. Nxd5 {(00:05} Qxd5
{(00:41} 10. O-O {(00:15} Be7 {(02:15} 11. c4 {(
01:56} Qd8 {(02:53} 12. Be3 {(03:08} O-O {(03:09} 13.
Qe2 {(00:17} Qc7 {(01:18} 14. Rad1 {(04:11} e5 {
(08:44} 15. Be4 {(01:01} a5 {(00:24} 16. Qh5 {(
04:29} g6 {(06:15} 17. Qh6 {(01:33} Re8 {(07:46} 18.
Bd5 {(05:20} Bf8 {(05:03} 19. Qh4 {(00:33} Nb4 {
(00:51} 20. Nd2 {(01:41} Bf5 {(05:34} 21. Ne4 {(
14:12} Nxd5 {(06:45} 22. Rxd5 {(05:00} Be7 {(04:22}
23. Nf6+ {(08:24} Bxf6 {(00:30} 24. Qxf6 {(00:02} Ra6 {
(00:20} 25. Qh4 {(00:28} Be6 {(01:52} 26. Rc5 {(
01:55} Rc6 {(07:29} 27. Rxc6 {(05:26} Qxc6 {(00:43}
28. b3 {(00:30} Qd6 {(02:17} 29. Qf6 {(12:53} Qd8 {
(00:40} 30. Qf3 {(00:28} Qe7 {(02:11} 31. h3 {(
08:02} a4 {(01:59} 32. Rd1 {(00:52} axb3 {(01:07} 33.
axb3 {(00:06} Bf5 {(00:34} 34. Bh6 {(02:24} Qh4 {
(05:28} 35. Be3 {(05:58} Be4 {(02:24} 36. Qe2 {(
03:24} f5 {(00:40} 37. Bc1 {(00:44} Qe7 {(00:39} 38.
Bb2 {(01:22} Qc5 {(02:59} 39. Kh1 {(00:25} Bc6 {
(01:07} 40. Qd2 {(00:00} b5 {(00:00} 41. f4 {(
08:19} bxc4 {(04:14} 42. bxc4 {(00:22} Qxc4 {(01:09}
43. Bxe5 {(00:25} Qe4 {(07:11} 44. Qa2+ {(11:49} Kf8 {
(00:08} 45. Qb2 {(00:05} Ra8 {(19:26} 46. Kh2 {(
01:55} Qc4 {(03:11} 47. Qb6 {(05:47} Be8 {(12:17} 48.
Qd6+ {(01:03} 1-0

[Event "42nd Olympiad Baku 2016 Open"]
[Site "Baku"]
[Date "2016.09.08"]
[Round "6.26"]
[White "Ulloa, Ruben Guillermo"]
[Black "Choukri, Adel"]
[Result "0-1"]
[ECO "E63"]
[WhiteElo "2128"]
[BlackElo "2269"]
[Annotator ""]
[PlyCount "138"]
[EventDate "2016.??.??"]
[EventCountry "AZE"]
[SourceTitle "playchess.com"]
[Source "ChessBase"]
[WhiteTeam "Panama"]
[BlackTeam "Morocco"]
[WhiteTeamCountry "PAN"]
[BlackTeamCountry "MAR"]
[TimeControl "40/5400+30:1800+30"]

1. d4 {(00:00} Nf6 {(00:00} 2. c4 {(00:00} g6 {(
00:16} 3. g3 {(00:17} Bg7 {(00:17} 4. Bg2 {(00:08} d6
{(00:20} 5. Nf3 {(00:10} O-O {(00:30} 6. O-O {(
00:06} Nc6 {(01:21} 7. Nc3 {(02:14} a6 {(01:13} 8. Bf4
{(00:18} Rb8 {(01:15} 9. c5 {(00:09} Nd7 {(13:
56} 10. cxd6 {(01:13} cxd6 {(01:20} 11. Qd2 {(01:55}
Re8 {(03:30} 12. Bh6 {(02:45} Bh8 {(05:06} 13. Rac1 {
(04:01} Nb6 {(04:46} 14. b3 {(03:17} Bg4 {(03:
52} 15. Be3 {(03:10} Bxf3 {(06:04} 16. exf3 {(14:18}
d5 {(03:24} 17. Rfd1 {(05:29} Rc8 {(03:31} 18. f4 {
(02:56} e6 {(04:05} 19. Bf3 {(08:34} Bg7 {(09:
30} 20. Kg2 {(00:54} Bf8 {(04:10} 21. Nb1 {(10:03} Qe7
{(11:37} 22. Qb2 {(05:16} a5 {(04:31} 23. Be2 {(
02:18} Qb4 {(04:37} 24. a3 {(03:31} Qe7 {(00:14} 25.
Bb5 {(04:04} Red8 {(01:30} 26. Qd2 {(00:37} a4 {
(04:09} 27. Bxa4 {(02:24} Nxa4 {(00:34} 28. bxa4 {
(00:09} Ra8 {(00:06} 29. Qc2 {(04:21} Na5 {(01:
55} 30. Bd2 {(05:26} Nc4 {(01:02} 31. Bb4 {(00:34} Qd7
{(00:46} 32. Nc3 {(07:01} Nxa3 {(00:34} 33. Qb3 {
(00:42} Bxb4 {(01:23} 34. Qxb4 {(00:10} Nc4 {(
00:09} 35. Rb1 {(03:05} b6 {(00:06} 36. Rd3 {(01:29}
Rdc8 {(01:44} 37. Qb3 {(01:15} Rc6 {(01:06} 38. Qa2 {
(00:30} Rac8 {(00:26} 39. Rb4 {(02:14} Qe7 {(01:
15} 40. Rb5 {(00:00} Qf6 {(00:00} 41. Qe2 {(07:56} Nd6
{(12:52} 42. Rb3 {(00:19} Qf5 {(02:14} 43. Qf3 {
(03:16} h5 {(01:21} 44. h3 {(01:22} Qf6 {(00:35]
} 45. h4 {(02:37} Nf5 {(01:28} 46. Ne2 {(05:06} Kg7 {
(01:07} 47. Rd2 {(03:42} Nd6 {(06:42} 48. Nc3 {(
01:19} Rc4 {(00:55} 49. Qd3 {(05:29} R8c6 {(01:35} 50.
Ra3 {(03:25} Nf5 {(00:58} 51. Ne2 {(02:06} Qe7 {
(01:44} 52. a5 {(00:16} b5 {(01:59} 53. a6 {(00:
15} Qa7 {(00:06} 54. Ra5 {(00:38} Rxa6 {(04:36} 55.
Rxb5 {(00:09} Ra1 {(01:10} 56. Rb1 {(01:15} Ra2 {
(00:39} 57. Rxa2 {(00:57} Qxa2 {(00:01} 58. Rc1 {
(01:15} Kh7 {(00:54} 59. Rc3 {(00:26} Rxc3 {(01:
41} 60. Nxc3 {(00:07} Qb3 {(00:09} 61. Qd2 {(00:24}
Qb4 {(00:13} 62. Qd3 {(01:05} Nxd4 {(00:07} 63. Nd1 {
(00:31} Nf5 {(01:01} 64. Nc3 {(00:28} Qb2 {(00:
39} 65. Nb5 {(00:27} Kg7 {(00:27} 66. Nc7 {(00:25} Qb8
{(00:46} 67. Qc2 {(00:31} Qd8 {(00:38} 68. Qb2+ {
(00:34} d4 {(00:03} 69. Na6 {(00:26} Qa8+ {(00:
06} 0-1

[Event "42nd Olympiad Baku 2016 Open"]
[Site "Baku"]
[Date "2016.09.08"]
[Round "6.5"]
[White "Vachier-Lagrave, Maxime"]
[Black "Machin Rivera, Mark"]
[Result "1-0"]
[ECO "B06"]
[WhiteElo "2813"]
[BlackElo "2339"]
[Annotator ""]
[PlyCount "87"]
[EventDate "2016.??.??"]
[EventCountry "AZE"]
[SourceTitle "playchess.com"]
[Source "ChessBase"]
[WhiteTeam "France"]
[BlackTeam "Puerto Rico"]
[WhiteTeamCountry "FRA"]
[BlackTeamCountry "PUR"]
[TimeControl "40/5400+30:1800+30"]

1. e4 {(00:00} g6 {(00:00} 2. d4 {(00:00} Bg7 {(
00:00} 3. Nc3 {(00:00} c6 {(00:00} 4. Nf3 {(00:22} d6
{(00:14} 5. Be3 {(00:04} Qb6 {(00:29} 6. Qc1 {(
01:35} Nf6 {(00:57} 7. h3 {(00:17} O-O {(00:30} 8. Bd3
{(00:08} Nbd7 {(01:02} 9. a4 {(02:57} Qa5 {(02:
29} 10. O-O {(01:18} e5 {(01:58} 11. Re1 {(04:03} Re8
{(01:59} 12. Qd2 {(04:44} exd4 {(13:23} 13. Nxd4 {
(00:09} Nc5 {(01:15} 14. Bf1 {(00:15} Qc7 {(05:
59} 15. f3 {(00:30} a5 {(09:47} 16. Rad1 {(00:50} b6 {
(01:39} 17. Bf4 {(09:35} Bf8 {(03:37} 18. Nb3 {(
06:55} Nb7 {(00:16} 19. Bh2 {(01:56} Nd7 {(08:40} 20.
g4 {(04:56} Ne5 {(10:17} 21. Qf2 {(03:01} Be6 {(
07:49} 22. Nd4 {(01:29} Nd7 {(12:18} 23. f4 {(00:27}
Ndc5 {(04:03} 24. f5 {(01:21} Bc8 {(02:40} 25. Nxc6 {
(02:42} Bd7 {(01:47} 26. Nd4 {(01:58} gxf5 {(04:
37} 27. exf5 {(03:30} Rxe1 {(00:57} 28. Rxe1 {(00:06}
Nxa4 {(01:10} 29. Nd5 {(00:05} Qd8 {(00:49} 30. Ne6 {
(00:37} fxe6 {(02:24} 31. fxe6 {(00:05} Bxe6 {(
01:20} 32. Rxe6 {(00:04} Nac5 {(00:18} 33. Nf6+ {(01:
51} Kg7 {(01:11} 34. Nh5+ {(00:05} Kg8 {(00:27} 35.
Bc4 {(01:04} d5 {(00:33} 36. Bxd5 {(00:13} Qxd5 {
(00:25} 37. Nf6+ {(00:03} Kh8 {(00:38} 38. Nxd5 {
(00:09} Nxe6 {(00:07} 39. Qf6+ {(00:26} Ng7 {(
00:40} 40. Qc6 {(00:00} Ra7 {(00:00} 41. Qc8 {(01:15}
Kg8 {(03:13} 42. Qb8 {(00:05} b5 {(00:25} 43. Ne7+ {
(00:09} Kh8 {(00:39} 44. Qxf8# 1-0

[Event "42nd Olympiad Baku 2016 Open"]
[Site "Baku"]
[Date "2016.09.08"]
[Round "6.2"]
[White "Vakhidov, Jahongir"]
[Black "Gundavaa, Bayarsaikhan"]
[Result "1/2-1/2"]
[ECO "D31"]
[WhiteElo "2583"]
[BlackElo "2492"]
[Annotator ""]
[PlyCount "110"]
[EventDate "2016.??.??"]
[EventCountry "AZE"]
[SourceTitle "playchess.com"]
[Source "ChessBase"]
[WhiteTeam "Uzbekistan"]
[BlackTeam "Mongolia"]
[WhiteTeamCountry "UZB"]
[BlackTeamCountry "MGL"]
[TimeControl "40/5400+30:1800+30"]

1. d4 {(00:00} d5 {(00:00} 2. c4 {(00:20} e6 {(
00:09} 3. Nc3 {(00:35} Bb4 {(00:32} 4. Nf3 {(01:24}
dxc4 {(04:13} 5. e3 {(06:58} b5 {(01:07} 6. a4 {
(00:18} c6 {(00:17} 7. Bd2 {(00:24} a5 {(01:10}
8. axb5 {(00:11} Bxc3 {(00:15} 9. Bxc3 {(00:17} cxb5 {
(00:15} 10. b3 {(00:10} Bb7 {(00:53} 11. bxc4 {(
00:10} b4 {(00:04} 12. Bb2 {(00:13} Nf6 {(00:32} 13.
Bd3 {(00:19} Nbd7 {(01:14} 14. O-O {(00:14} O-O {
(02:08} 15. Nd2 {(00:12} Qc7 {(02:18} 16. Bc2 {(
00:15} Rfd8 {(03:37} 17. Re1 {(02:09} Qd6 {(18:02} 18.
f3 {(11:16} e5 {(07:37} 19. Ba4 {(12:32} exd4 {(
30:22} 20. exd4 {(02:08} Qf4 {(01:02} 21. Bb5 {(03:45}
Nb6 {(07:52} 22. Nb3 {(22:19} a4 {(02:42} 23. Nc5 {
(03:38} Qc7 {(03:48} 24. Rc1 {(12:19} Bc6 {(03:
50} 25. Na6 {(06:15} Rxa6 {(00:44} 26. Bxa6 {(00:02}
a3 {(00:04} 27. Ba1 {(00:08} Ba4 {(00:08} 28. Qd2 {
(04:56} Qa7 {(02:19} 29. Qxb4 {(02:54} Qxa6 {(
00:05} 30. d5 {(00:06} Bd7 {(04:42} 31. Bd4 {(06:45}
Nbxd5 {(01:28} 32. cxd5 {(00:01} Nxd5 {(00:04} 33. Qd2
{(00:01} f6 {(01:28} 34. Rc5 {(00:10} Be6 {(01:
23} 35. Ra5 {(02:45} Qd6 {(00:08} 36. Bc5 {(00:25} Qf4
{(00:17} 37. Qxf4 {(00:56} Nxf4 {(00:03} 38. Rxa3 {
(00:52} Rd2 {(00:25} 39. Bf2 {(00:34} Kf7 {(01:
38} 40. Ra7+ {(00:00} Kg6 {(00:00} 41. Be3 {(27:35}
Rxg2+ {(05:13} 42. Kh1 {(00:03} Bd5 {(11:19} 43. Rf1 {
(00:09} Bc4 {(00:04} 44. Rd1 {(04:17} Be2 {(00:
23} 45. Rd4 {(00:31} Bxf3 {(03:22} 46. Rxf4 {(00:01}
Bd5 {(01:36} 47. h4 {(00:03} Rg3+ {(00:40} 48. Kh2 {
(00:03} Rxe3 {(00:31} 49. Rg4+ {(00:40} Kh5 {(
01:21} 50. Raxg7 {(01:49} Re2+ {(03:31} 51. Kg3 {(00:
34} h6 {(04:13} 52. Kf4 {(00:35} Re4+ {(00:53} 53. Kg3
{(00:02} Re2 {(00:17} 54. Kf4 {(01:04} Re4+ {(
00:03} 55. Kg3 {(00:10} Re2 {(00:03} 1/2-1/2